Construct Section Command Post
Construct Section Command Post
Selects Heavy Armor Battlegroup
Selects Rigorous Vehicle Training
Construct Field Infirmary
Construct Platoon Command Post
6-pounder Anti-tank Gun Team
Selects Forward Repair Assembly
Unlock Bishop Self-propelled Artillery
Bishop Self-propelled Artillery
Construct Company Command Post
Selects Churchill Black Prince Heavy Tank
Selects Light Vehicle Withdraw and Refit
Churchill Black Prince Heavy Tank
Unlock Towed 17-pounder Anti-tank Guns
17-pounder Anti-tank Gun Team
Selects Designate Targets
17-pounder Anti-tank Gun Team
Churchill Black Prince Heavy Tank